 Dungeon Crawl Stone Soup version 0.30-a0-360-g447f08457e (webtiles) character file.

Game seed: 12280180957809499227

80814 jlumianski the Demonic Catastrophe (level 15, -4/117 HPs)
             Began as a Demonspawn Fighter on Nov 13, 2022.
             Was an Elder of Qazlal.
             Hit by a large rock thrown by a cyclops (22 damage)
             ... on level 15 of the Dungeon.
             The game lasted 02:31:07 (27108 turns).

jlumianski the Demonic Catastrophe (DsFi)          Turns: 27108, Time: 02:31:08

Health: -4/117     AC: 22    Str: 31    XL:     15   Next: 24%
Magic:  20/25      EV:  9    Int: 11    God:    Qazlal [****..]
Gold:   909        SH: 14    Dex: 15    Spells: 14/14 levels left

rFire   . . .      SeeInvis .    X - +4 broad axe
rCold   . . .      Faith    .    (no shield)
rNeg    + . .      Spirit   .    K - +0 plate armour of the Moneychanger {rN+ rCorr}
rPois   +          Reflect  +    H - +0 hat {Stlth+}
rElec   .          Harm     .    h - +2 cloak {rPois}
rCorr   +          Rampage  .    (no gloves)
Will    +....                    (boots unavailable)
Stlth   ..........               d - amulet "Utyttu" {Reflect Str+3 Int+2 SH+5}
HPRegen 0.39/turn                l - +6 ring of strength
MPRegen 0.19/turn                Q - +4 ring of slaying

@: repel missiles
A: claws 2, hooves 3, horns 1, icemail 1, spiny 1, condensation shield
a: Renounce Religion, Upheaval, Elemental Force


You were on level 15 of the Dungeon.
You worshipped Qazlal.
Qazlal was greatly pleased with you.
You visited 4 branches of the dungeon, and saw 23 of its levels.
You visited 1 bazaar.
You also visited: Sewer.

You collected 2090 gold pieces.
You spent 1181 gold pieces at shops.

Inventory:

Hand Weapons
 R - a +3 hand axe of flaming
 X - a +4 broad axe (weapon)
Missiles
 n - 6 curare-tipped darts
 p - 5 atropa-tipped darts
 u - 13 boomerangs (quivered)
 x - 22 poisoned darts
 P - 5 javelins
Armour
 h - a +2 cloak of poison resistance (worn)
 G - a +2 cloak
 H - a +0 hat of stealth (worn)
 K - the +0 plate armour of the Moneychanger (worn) {rN+ rCorr}
   (You found it on level 13 of the Dungeon)

   rN:        It protects you from negative energy.
   rCorr:     It protects you from acid and corrosion.
Jewellery
 d - the amulet "Utyttu" (around neck) {Reflect Str+3 Int+2 SH+5}
   (You bought it in a shop in a bazaar)

   [amulet of reflection]

   It reflects blocked missile attacks.
   Str:       It affects your strength (+3).
   Int:       It affects your intelligence (+2).
   SH:        It affects your SH (+5).
 e - the amulet "Woicuh" {+Blink Regen+ rCorr}
   (You bought it in a shop in a bazaar)

   [amulet of regeneration]

   +Blink:    It lets you blink.
   Regen:     It increases your rate of health regeneration.
   rCorr:     It protects you from acid and corrosion.
 l - a +6 ring of strength (left claw)
 s - the ring "Ifoymi Essi" {rF+ rC- Int+10 SInv}
   (You found it on level 3 of the Dungeon)

   [ring of see invisible]

   Int:       It affects your intelligence (+10).
   rF:        It protects you from fire.
   rC:        It makes you vulnerable to cold.
   SInv:      It lets you see invisible.
 L - a ring of willpower
 Q - a +4 ring of slaying (right claw)
Wands
 t - a wand of flame (23)
 v - a wand of digging (3)
 C - a wand of acid (4)
 D - a wand of mindburst (26)
 F - a wand of charming (21)
 N - a wand of roots (16)
Scrolls
 k - a scroll of summoning
 q - 7 scrolls of teleportation
 z - a scroll of silence
 A - 5 scrolls of identify
 J - a scroll of acquirement
Potions
 b - a potion of heal wounds
 m - 5 potions of curing
 o - 2 potions of berserk rage
 r - 12 potions of flight
 E - a potion of might
 W - a potion of resistance
Miscellaneous
 B - a phial of floods
 M - a box of beasts
 S - a lightning rod (4/4)


   Skills:
 + Level 10.6 Fighting
 + Level 2.4 Long Blades
 - Level 11.0 Axes
 + Level 3.7 Throwing
 + Level 10.5 Armour
 + Level 3.5 Dodging
 - Level 2.2 Stealth
 - Level 10.1 Shields
 * Level 5.6 Unarmed Combat
 * Level 14.0 Invocations
 * Level 10.3 Evocations


You had 14 spell levels left.
You didn't know any spells.
Your spell library contained the following spells:

 Spells                   Type           Power      Damage    Failure   Level
 Sandblast                Erth           0%         2d4       93%         1
 Summon Small Mammal      Summ           0%         N/A       93%         1
 Passwall                 Tmut/Erth      0%         N/A       98%         2
 Poisonous Vapours        Pois/Air       0%         N/A       98%         2
 Call Canine Familiar     Summ           0%         N/A       100%        3
 Frozen Ramparts          Ice            0%         1d1       100%        3
 Hailstorm                Conj/Ice       0%         3d3       100%        3
 Stone Arrow              Conj/Erth      0%         3d7       100%        3
 Summon Guardian Golem    Hex/Summ       0%         N/A       100%        3
 Animate Dead             Necr           0%         N/A       100%        4
 Ice Form                 Ice/Tmut       0%         N/A       100%        4
 Summon Ice Beast         Ice/Summ       0%         N/A       100%        4
 Alistair's Intoxication  Tmut/Pois      0%         N/A       100%        5
 Borgnjor's Vile Clutch   Necr/Erth      0%         N/A       100%        5
 Freezing Cloud           Conj/Ice/Air   0%         6-21      100%        5
 Iskenderun's Battlesphe  Conj           0%         2d6       100%        5
 Conjure Ball Lightning   Conj/Air       0%         3x3d6     100%        6
 Death Channel            Necr           0%         N/A       100%        6
 Eringya's Noxious Bog    Tmut/Pois      0%         N/A       100%        6
 Iron Shot                Conj/Erth      0%         9d1       100%        6
 Simulacrum               Ice/Necr       0%         N/A       100%        6
 Spellforged Servitor     Conj/Summ      0%         N/A       100%        7


Dungeon Overview and Level Annotations

Branches:
Dungeon (15/15)            Temple (1/1) D:5            Lair (5/5) D:10
 Shoals (0/4) Lair:3       Spider (0/4) Lair:3        Slime (0/5) Lair:4
    Orc (2/2) D:12            Elf (0/3) Orc:2        Vaults (0/5) D:13
  Sewer (visited)
 Depths: D:15

Altars:
Ashenzari
Cheibriados
Dithmenos
Fedhas
Gozag
Hepliaklqana
Kikubaaqudgha
Makhleb
Nemelex Xobeh
Okawaru
Qazlal
Ru
Sif Muna
Trog
Uskayaw
Vehumet
Wu Jian
Xom
Yredelemnul
Jiyva

Shops:
D:8 [   D:12 (   Orc:2 **=!

Annotations:
D:4 1 runed translucent door, Lobster4's ghost, novice HuHu


Innate Abilities, Weirdness & Mutations

You have very sharp fingernails.
You have hooves in place of feet.
You have a pair of small horns on your head.
A meltable icy envelope protects you from harm. (AC +4)
You are partially covered in sharp spines.
A meltable shield of frost defends you. (SH +4)


Message History

The centaur warrior wields a +0 shortbow.
The centaur warrior shoots an arrow.
The arrow hits you!
* * * LOW HITPOINT WARNING * * *
You feel much better.
The centaur warrior shoots an arrow.
The arrow hits you!
* * * LOW HITPOINT WARNING * * *
The cyclops throws a large rock.
The large rock hits you.
* * * LOW HITPOINT WARNING * * *
Okay, then.
Unknown command.
You feel much better.
The centaur warrior shoots an arrow.
The arrow closely misses you.
The centaur warrior shoots an arrow.
The arrow hits you.
* * * LOW HITPOINT WARNING * * *
The centaur warrior shoots an arrow.
The arrow hits you!
* * * LOW HITPOINT WARNING * * *
The centaur warrior shoots an arrow.
You reflect the arrow off an invisible shield around you!
The arrow hits the centaur warrior!
Activating: Elemental Force (0% risk of failure)
Press: ? - help, Dir - look around, f - activate Clouds arounds you coalesce and take form!
You swap places.
The centaur warrior shoots an arrow.
The arrow misses your air elemental.
You reflect the arrow off an invisible shield around you!
The arrow barely misses your air elemental.
The arrow hits the centaur warrior!
Your air elemental hits the centaur warrior.
Your fire elemental hits the centaur warrior.
Your fire elemental burns the centaur warrior!
Your air elemental hits the centaur warrior!
Your air elemental closely misses the centaur warrior.
Your fire elemental hits the centaur warrior.
Your fire elemental burns the centaur warrior!
The centaur warrior unwields a +0 shortbow.
The centaur warrior hits your fire elemental.
The centaur warrior kicks your fire elemental but does no damage.
The cyclops throws a large rock.
The large rock closely misses your air elemental.
The large rock hits you!!
You die...

......# #.##.. ......#
......####'#### ....... ....
#......## ##..... #######..#
#......## ....... .........#
#......## ...#...#.####....#
#......'.
~≈.....#.......)(###......##
.~~.C.)#######..............
○.~.....E..@.....#######.#..
○.~###EEc.○.§#.#.# .#.#..
#...○...#..... .#.#..
#...§...###.##.# .#.#..
###.....# ..# ...#.#..
#.....# #######.#....
+.....+..#....#.#.#..
#!....##........#....
......##......<.###..


You could see a centaur warrior (distracted, ally target), a cyclops, a friendly
earth elemental (summoned), a friendly fire elemental (summoned) and a friendly
air elemental (summoned).

Vanquished Creatures
  An ironbound preserver (D:13)
  Erolcha (D:9)
  A catoblepas (D:13)
  5 hydras
  Erica (D:8)
  11 centaur warriors
  3 two-headed ogres
  3 boulder beetles
  Urug (D:12)
  Amaemon (D:8)
  A goliath frog (Lair:5)
  A lindwurm (Lair:5)
  A deep troll (D:15)
  2 orc knights
  A deep elf pyromancer (D:14)
  8 ugly things
  An orc sorcerer (Orc:2)
  A manticore (D:13)
  7 cyclopes
  An orange demon (D:9)
  7 black mambas
  Joseph (D:9)
  Maurice (D:13)
  A gargoyle (D:9)
  20 cane toads
  A torpor snail (Lair:2)
  An efreet (D:13)
  2 kobold demonologists (D:10)
  An unseen horror (D:10)
  Psyche (D:8)
  2 rime drakes
  9 komodo dragons
  3 tyrant leeches (Lair:5)
  3 hornets
  13 trolls
  A polar bear (Lair:3)
  26 blink frogs
  A slime creature (D:15)
  9 dream sheep
  2 centaur simulacra
  A human (D:8)
  7 wyverns
  A water elemental (D:12)
  4 wraiths
  Eustachio (D:4)
  4 hogs (D:8)
  36 yaks
  Menkaure (D:5)
  A basilisk (shapeshifter) (D:13)
  3 steam dragons
  Grum (D:9)
  15 vampire mosquitoes
  5 basilisks
  10 wargs
  3 acid dragons
  14 water moccasins
  29 orc warriors
  3 black bears
  7 ogres
  An ice beast (D:6)
  23 centaurs
  9 wolves
  23 bullfrogs
  5 scorpions
  3 necrophages
  A hornet simulacrum (D:15)
  8 wights (D:8)
  14 killer bees
  4 electric eels
  4 howler monkeys
  14 orc priests
  3 hounds
  A jelly (D:6)
  19 orc wizards
  3 iguanas
  14 gnolls
  13 adders
  3 river rats (Sewer)
  A shadow imp (D:8)
  4 white imps
  2 worms
  2 dart slugs
  45 orcs
  21 ball pythons
  9 endoplasms
  4 giant cockroaches
  8 goblins
  7 hobgoblins
  7 jackals
  14 quokkas
  7 bats
  9 frilled lizards
  7 kobolds
  3 rats
618 creatures vanquished.

Vanquished Creatures (collateral kills)
  Snorg (Orc:2)
  A hydra (D:13)
  2 centaur warriors (D:13)
  A tengu warrior (D:13)
  2 orc knights (Orc:2)
  An orc sorcerer (Orc:2)
  A black mamba (Lair:5)
  3 yaks (Lair:5)
  A warg (Orc:2)
  2 acid dragons
  An ogre (Orc:2)
  A centaur (Orc:2)
  An electric eel (Lair:2)
18 creatures vanquished.

Vanquished Creatures (others)
  A centaur warrior (D:15)
  An orc knight (D:15)
  An orc wizard (D:12)
  31 fungi
  117 plants
  2 withered plants (D:4)
153 creatures vanquished.

Grand Total: 789 creatures vanquished

Notes
Turn   | Place    | Note
-------+----------+-------------------------------------------
     0 | D:1      | jlumianski the Demonspawn Fighter began the quest for the
                  | Orb.
     0 | D:1      | Reached XP level 1. HP: 18/18 MP: 1/1
   161 | D:1      | Gained mutation: You are partially covered in sharp spines.
                  | [demonic ancestry]
   161 | D:1      | Reached XP level 2. HP: 14/24 MP: 2/2
   423 | D:1      | Discovered your monstrous ancestry.
   423 | D:1      | Gained mutation: You have sharp fingernails. [demonic
                  | ancestry]
   423 | D:1      | Reached XP level 3. HP: 29/29 MP: 3/3
   987 | D:1      | Reached XP level 4. HP: 25/35 MP: 4/4
  1365 | D:3      | Found a glowing drain.
  1395 | Sewer    | Entered a sewer
  1404 | Sewer    | Gained mutation: A meltable shield of frost defends you.
                  | (SH +4) [demonic ancestry]
  1404 | Sewer    | Reached XP level 5. HP: 35/41 MP: 5/5
  2536 | D:3      | Reached XP level 6. HP: 48/48 MP: 6/6
  2973 | D:3      | Identified the +0 robe of Courage {rElec rN+ Dex+4}
  3080 | D:3      | Identified the ring "Ifoymi Essi" {rF+ rC- Int+10 SInv}
  3426 | D:3      | Identified a scroll of acquirement
  3426 | D:3      | Acquired an amulet of reflection
  3549 | D:5      | Entered Level 5 of the Dungeon
  3607 | D:5      | Noticed Menkaure
  3761 | D:4      | Gained mutation: You have very sharp fingernails. [demonic
                  | ancestry]
  3761 | D:4      | Reached XP level 7. HP: 39/53 MP: 7/7
  3872 | D:4      | Found a basalt altar of Yredelemnul.
  3874 | D:4      | Found an iron altar of Okawaru.
  3876 | D:4      | Found a radiant altar of Vehumet.
  3877 | D:4      | Found a bloodstained altar of Trog.
  3939 | D:4      | Found a runed translucent door.
  3939 | D:4      | Noticed Lobster4's ghost (novice HuHu)
  4088 | D:5      | Noticed Eustachio
  4108 | D:4      | Killed Eustachio
  4109 | D:4      | Reached skill level 5 in Axes
  4764 | D:5      | Killed Menkaure
  4779 | D:5      | Found a staircase to the Ecumenical Temple.
  4787 | Temple   | Entered the Ecumenical Temple
  4806 | Temple   | Became a worshipper of Qazlal Stormbringer
  4872 | Temple   | Gained mutation: You have large cloven feet. [demonic
                  | ancestry]
  4872 | Temple   | Reached XP level 8. HP: 60/61 MP: 8/8
  4928 | D:5      | Reached skill level 1 in Dodging
  5055 | D:5      | Reached skill level 1 in Throwing
  5551 | D:5      | Reached skill level 5 in Shields
  5693 | D:6      | Reached skill level 5 in Armour
  5749 | D:6      | Reached skill level 1 in Evocations
  5765 | D:6      | Noticed a troll
  5766 | D:6      | Reached skill level 1 in Invocations
  5863 | D:5      | Killed a troll
  5864 | D:5      | Reached skill level 5 in Fighting
  5864 | D:5      | Reached skill level 2 in Invocations
  6160 | D:6      | Reached skill level 3 in Invocations
  6160 | D:6      | Gained mutation: A meltable icy envelope protects you from
                  | harm. (AC +4) [demonic ancestry]
  6160 | D:6      | Reached XP level 9. HP: 37/68 MP: 11/11
  6391 | D:7      | Reached skill level 4 in Invocations
  6941 | D:6      | Reached * piety under Qazlal
  7439 | D:8      | Found Geopn's Antique Armour Shoppe.
  7446 | D:8      | Reached skill level 5 in Invocations
  7448 | D:8      | Bought a runed cloak for 157 gold pieces
  7448 | D:8      | Bought a glowing hat for 147 gold pieces
  7926 | D:8      | Gained mutation: You have a pair of small horns on your
                  | head. [demonic ancestry]
  7926 | D:8      | Reached XP level 10. HP: 47/73 MP: 12/14
  8065 | D:9      | Noticed Erica
  8070 | D:8      | Found a burning altar of Makhleb.
  8079 | D:10     | Entered Level 10 of the Dungeon
  8315 | D:9      | Noticed Amaemon
  8316 | D:9      | Noticed an orange demon
  8338 | D:8      | Killed Amaemon
  8458 | D:8      | Reached ** piety under Qazlal
  8473 | D:8      | Reached skill level 6 in Invocations
  8797 | D:8      | Reached skill level 5 in Evocations
  9088 | D:8      | Noticed Psyche
  9096 | D:8      | Killed Psyche
  9242 | D:10     | Noticed a gargoyle
  9248 | D:9      | Killed a gargoyle
  9249 | D:9      | Reached skill level 7 in Invocations
  9334 | D:9      | Noticed Grum
  9354 | D:9      | Killed Grum
  9414 | D:9      | Reached XP level 11. HP: 60/81 MP: 16/16
  9479 | D:9      | Noticed Erolcha
  9487 | D:9      | Killed Erolcha
  9669 | D:9      | Noticed a two-headed ogre
  9704 | D:8      | Killed Erica
  9833 | D:9      | Killed a two-headed ogre
  9834 | D:9      | Reached skill level 8 in Invocations
 10465 | D:9      | Noticed Joseph
 10474 | D:9      | Killed Joseph
 10851 | D:10     | Found a staircase to the Lair.
 11496 | D:10     | Noticed a sixfirhy
 11496 | D:10     | Reached *** piety under Qazlal
 11630 | D:10     | Reached skill level 9 in Invocations
 12318 | D:11     | Reached XP level 12. HP: 89/89 MP: 17/19
 12780 | D:12     | Noticed a two-headed ogre
 12791 | D:12     | Killed a two-headed ogre
 12982 | D:12     | Found a staircase to the Orcish Mines.
 12984 | D:12     | Found Rosyu's Antique Weapon Emporium.
 13529 | D:12     | Reached skill level 10 in Invocations
 13534 | D:12     | Reached skill level 10 in Axes
 13658 | D:13     | Noticed Urug
 13658 | D:13     | Noticed a boulder beetle
 13682 | D:12     | Killed Urug
 13854 | D:12     | Noticed a two-headed ogre
 13869 | D:12     | Killed a two-headed ogre
 14120 | D:13     | Noticed a centaur warrior
 14122 | D:13     | Reached **** piety under Qazlal
 14160 | D:13     | Killed a centaur warrior
 14169 | D:13     | Noticed a five-headed hydra
 14185 | D:13     | Killed a three-headed hydra
 14218 | D:13     | Noticed Maurice
 14224 | D:13     | Noticed a catoblepas
 14237 | D:13     | Killed Maurice
 14427 | D:13     | Killed a catoblepas
 14450 | D:14     | Noticed a centaur warrior
 14453 | D:14     | Noticed a centaur warrior
 14570 | D:13     | Noticed a centaur warrior
 14576 | D:13     | Killed a centaur warrior
 14654 | D:14     | Found a broken altar of Ashenzari.
 14682 | D:14     | Reached skill level 1 in Stealth
 14684 | D:14     | Noticed a centaur warrior
 14685 | D:14     | Killed a centaur warrior
 14693 | D:14     | Noticed a centaur warrior
 14695 | D:14     | Killed a centaur warrior
 14714 | D:13     | Identified the +7 hand axe "Lisifarr" {freeze, rPois Dex+5}
 14714 | D:13     | Noticed a centaur warrior
 14719 | D:13     | Killed a centaur warrior
 14832 | D:13     | Killed a boulder beetle
 14833 | D:13     | Reached skill level 11 in Invocations
 14833 | D:13     | Gained mutation: You have hoof-like feet. [demonic
                  | ancestry]
 14833 | D:13     | Reached XP level 13. HP: 88/96 MP: 21/21
 15138 | D:13     | Noticed an ironbound preserver
 15140 | D:13     | Found a gate to the Vaults.
 15162 | D:13     | Reached skill level 10 in Shields
 15219 | D:13     | Reached skill level 1 in Long Blades
 15294 | D:13     | Killed an ironbound preserver
 15476 | D:13     | Identified the +0 plate armour of the Moneychanger {rN+
                  | rCorr}
 15480 | D:13     | Got Exyts's Almanac of the Brume and Toxicity
 15488 | D:13     | Identified the +9 dagger of the Open Hand {vorpal, Fragile
                  | rElec rPois rF++}
 15783 | D:15     | Entered Level 15 of the Dungeon
 15978 | Orc:1    | Entered Level 1 of the Orcish Mines
 16060 | Orc:2    | Entered Level 2 of the Orcish Mines
 16060 | Orc:2    | Found a staircase to the Elven Halls.
 16596 | Orc:2    | Found a gateway to a bazaar.
 16609 | Bazaar   | Entered a bazaar
 16628 | Bazaar   | Found Hagapt's Jewellery Emporium.
 16709 | Bazaar   | Found Cafekk's Jewellery Emporium.
 16760 | Bazaar   | Found Kikhits's Jewellery Emporium.
 16796 | Bazaar   | Found Siacul's Jewellery Boutique.
 17108 | Bazaar   | Bought the amulet "Utyttu" {Reflect Str+3 Int+2 SH+5} for
                  | 332 gold pieces
 17108 | Bazaar   | Bought the amulet "Woicuh" {+Blink Regen+ rCorr} for 347
                  | gold pieces
 17272 | Orc:2    | Reached skill level 1 in Unarmed Combat
 17586 | Orc:2    | Reached ***** piety under Qazlal
 17884 | Orc:2    | Found Wialain's General Store.
 17884 | Orc:2    | Found Leaqal's Jewellery Boutique.
 17886 | Orc:2    | Found Niym Qub's Distillery.
 18069 | Orc:2    | Found Leaz's General Store.
 18085 | Orc:2    | Bought a scroll of teleportation for 48 gold pieces
 18085 | Orc:2    | Bought a potion of heal wounds for 80 gold pieces
 18232 | Orc:1    | Noticed Snorg
 18276 | Orc:2    | Killed Snorg
 18277 | Orc:2    | Reached skill level 12 in Invocations
 18919 | Orc:2    | Bought a potion of berserk rage for 70 gold pieces
 19036 | Lair:1   | Entered Level 1 of the Lair of Beasts
 19802 | Lair:1   | Reached XP level 14. HP: 106/106 MP: 23/23
 22101 | Lair:3   | Found a hole to the Spider Nest.
 22103 | Lair:3   | Found a staircase to the Shoals.
 22687 | Lair:4   | Reached skill level 13 in Invocations
 22710 | Lair:5   | Entered Level 5 of the Lair of Beasts
 23773 | Lair:5   | Reached skill level 10 in Armour
 23940 | Lair:4   | Reached skill level 10 in Fighting
 24284 | Lair:4   | Found a staircase to the Slime Pits.
 24285 | Lair:4   | Found a viscous altar of Jiyva.
 24678 | Lair:5   | Reached skill level 5 in Unarmed Combat
 24811 | Lair:5   | Reached skill level 10 in Evocations
 25183 | Lair:5   | Gained mutation: You have hooves in place of feet. [demonic
                  | ancestry]
 25183 | Lair:5   | Reached XP level 15. HP: 80/115 MP: 25/25
 26857 | D:15     | Reached skill level 14 in Invocations
 27101 | D:15     | HP: 5/117 [centaur warrior/arrow (13)]
 27108 | D:15     | Hit by a large rock thrown by a cyclops

Illustrated notes

Levels and vault maps discovered:
D:1:      wheals_arrival_shading, layout_loops_ring
D:2:      layout_basic, corexii_leaking_fountain, nicolae_grassy_gnolls
D:3:      layout_loops_ring, portal_sewer_entry_f, nrook_loot_triangle
D:4:      layout_cave_pods, grunt_temple_overflow_open, serial_column_ruins,
          column_ruins_open_medium, column_ruins_grid_2,
          column_ruins_open_small, gammafunk_ghost_grave
D:5:      layout_loops_ring, minmay_temple_entry_wispy, uniq_menkaure,
          uniq_eustachio
D:6:      layout_loops_ring, grunt_ministairs_7, st_stairs_9, minmay_holes
D:7:      layout_cave_pools
D:8:      layout_loops_ring, bloody_makhleb, zin_treasury, serial_shops,
          nicolae_stop_n_shop_1, nicolae_kite_square_tiling_tiny,
          hangedman_decor_growths, grunt_decor_cap, minmay_misc_feat_nine_boxes,
          grunt_livestock, uniq_psyche
D:9:      layout_long_grid, nicolae_concentric_dashed_squares_wild,
          uniq_amaemon, uniq_grum, uniq_erica, uniq_erolcha, uniq_joseph
D:10:     layout_basic, erik_lair_orcish_takeover
D:11:     layout_loops_corners
D:12:     layout_stronghold, orc_0_dummy, serial_shops, shop, nooodl_orcs_dogs
D:13:     layout_basic, skrybe_vaults_entry_preservation,
          lemuel_flamethrower_hall, uniq_urug, uniq_maurice
D:14:     layout_rooms, chequers_serial_rivers_micro_b,
          ashenzari_conservatory_becter
D:15:     hangedman_depths_entry_civil_slaughter, layout_basic,
          nicolae_uskayaw_suspiria, ebering_ghost_reflecting_pool,
          minmay_variable_closet, xom_confusion_cloud
Temple:   hellmonk_temple_two_chambers
Lair:1:   layout_hall_layers, beast_lair_carwin_4
Lair:2:   layout_loops_ring, serial_bayou_lake_a
Lair:3:   layout_misc_corridors, shoals_dummy_entry, dummy_spider_entry
Lair:4:   layout_gridlike, slime_entry_1
Lair:5:   minmay_lair_end_frog_pond, layout_regular_city, enter_volcano_4
Orc:1:    layout_caves, basic_altar, uniq_snorg
Orc:2:    st_orc_rangers, layout_diamond_mine, serial_shops, bzr_entry_road

Skill      XL: |  1  2  3  4  5  6  7  8  9 10 11 12 13 14 15 |
---------------+----------------------------------------------+-----
Armour         | 3 4 5 6 7 8 10 | 10.5
Axes           | 2 3 4 5 6 7 8 9 10 11 | 11.0
Shields        | 3 4 5 6 7 8 9 10 | 10.1
Fighting       | 4 5 6 7 8 10 | 10.6
Dodging        | 1 2 3 |  3.5
Throwing       | 1 2 3 |  3.7
Evocations     | 2 4 5 6 7 9 10 | 10.3
Invocations    | 3 5 7 9 11 12 13 14 | 14.0
Stealth        | 1 2 |  2.2
Long Blades    | 2 |  2.4
Unarmed Combat | 3 5 |  5.6

Action                   |  1- 3 |  4- 6 |  7- 9 | 10-12 | 13-15 || total
-------------------------+-------+-------+-------+-------+-------++-------
Melee: War axe           |    57 |   189 |   256 |   512 |   115 ||  1129
       Headbutt          |       |       |       |   134 |   134 ||   268
       Scimitar          |       |       |       |     2 |    12 ||    14
       Broad axe         |       |       |       |       |   423 ||   423
       Kick              |       |       |       |       |   162 ||   162
       Punch             |       |       |       |       |    16 ||    16
       Hand axe          |       |       |       |       |     5 ||     5
Throw: Boomerang         |       |     4 |    21 |    15 |    19 ||    59
       Javelin           |       |       |       |     5 |       ||     5
       Dart              |       |       |       |    10 |       ||    10
Invok: Upheaval          |       |       |       |     3 |     5 ||     8
       Elemental Force   |       |       |       |     1 |    11 ||    12
Evoke: Wand              |       |       |     4 |     8 |     2 ||    14
       Lightning rod     |       |       |       |       |     3 ||     3
  Use: Scroll            |       |     7 |     9 |    10 |    11 ||    37
       Potion            |       |       |     5 |     2 |     4 ||    11
 Stab: Paralysed         |       |       |       |       |     2 ||     2
Armor: Scale mail        |    12 |       |       |       |       ||    12
       Chain mail        |    20 |    96 |    99 |   235 |    54 ||   504
       Plate armour      |       |       |     9 |       |   282 ||   291
Dodge: Dodged            |    19 |    54 |    50 |   138 |   307 ||   568
       Repelled          |       |       |       |     1 |     6 ||     7
Block: Buckler           |    24 |    99 |   237 |   583 |    65 ||  1008
       Reflection        |       |     2 |     7 |    55 |   117 ||   181
       Other             |       |       |       |       |   533 ||   533

Table legend: (Time is in decaauts)
 A = Elapsed time spent in this place.
 B = Non-inter-level travel time spent in this place.
 C = Inter-level travel time spent in this place.
 D = Time resting spent in this place.
 E = Time spent auto-exploring this place.
 F = Levels seen in this place.
 G = Mean time per level.
                   A        B        C        D        E       F      G
               +--------+--------+--------+--------+--------+-----+--------+
         Total |  27689 |  27031 |    658 |   3576 |  14621 |  25 | 1107.6 |
       Dungeon |  16799 |  16367 |    432 |   1543 |   9585 |  15 | 1119.9 |
        Temple |    123 |    123 |      0 |     72 |      0 |   1 |  123.0 |
          Lair |   6823 |   6645 |    178 |   1475 |   3417 |   5 | 1364.6 |
  Orcish Mines |   2450 |   2403 |     47 |    464 |    830 |   2 | 1225.0 |
        Bazaar |    544 |    544 |      0 |      0 |    403 |   1 |  544.0 |
         Sewer |    947 |    947 |      0 |     22 |    385 |   1 |  947.0 |
               +--------+--------+--------+--------+--------+-----+--------+

Top non-repeatable levels by time:
    D:13: 2059 daAuts
   Orc:2: 1862 daAuts
    D:12: 1664 daAuts
  Lair:1: 1553 daAuts
  Lair:4: 1495 daAuts
  Lair:2: 1484 daAuts
     D:9: 1468 daAuts
     D:8: 1459 daAuts
  Lair:5: 1425 daAuts
     D:6: 1279 daAuts
     D:4: 1246 daAuts
     D:5: 1212 daAuts
    D:10: 1186 daAuts
    D:11: 1027 daAuts
     D:1: 969 daAuts
